 Dungeon Crawl Stone Soup version 0.21.0-25-ge575cb9 (webtiles) character file.

1059 Moloch the Carver (level 8, -2/68 HPs)
             Began as a Pale Draconian Fighter on Jan 24, 2018.
             Killed from afar by Ijyb (17 damage)
             ... with a wand of acid (3)
             ... on level 4 of the Dungeon.
             The game lasted 00:07:11 (4418 turns).

Moloch the Carver (Pale Draconian Fighter)          Turns: 4418, Time: 00:07:12

Health: -2/68      AC: -2    Str: 19    XL:     8   Next: 6%
Magic:  8/8        EV: 10    Int:  9    God:
Gold:   211        SH:  9    Dex: 12    Spells: 7/7 levels left

rFire    . . .     SeeInvis .   a - +0 long sword
rCold    . . .     Gourm    .   b - +0 shield
rNeg     . . .     Faith    .   (armour unavailable)
rPois    .         Spirit   .   (helmet restricted)
rElec    .         Reflect  .   (no cloak)
rCorr    .         Harm     .   (no gloves)
MR       .....                  (no boots)
Stlth    +.........             x - amulet of magic regeneration
HPRegen  0.21/turn              (no ring)
MPRegen  0.36/turn              (no ring)

@: lethally poisoned (-2 -> -6), short of breath, corroded
A: breathe steam, unfitting armour, cold-blooded, AC +6
a: Breathe Steam


You were on level 4 of the Dungeon.
You were near starving.

You visited 1 branch of the dungeon, and saw 4 of its levels.

You collected 211 gold pieces.

Inventory:

Hand Weapons
 a - a +0 long sword (weapon)
 t - a +0 rapier of freezing
Missiles
 v - 5 tomahawks (quivered)
Armour
 b - a +0 shield (worn)
Jewellery
 w - a +3 ring of evasion {unknown}
 x - an amulet of magic regeneration (around neck)
Wands
 m - a wand of acid (1)
Scrolls
 e - 2 scrolls of teleportation {unknown}
 f - 3 scrolls of remove curse {unknown}
 g - 4 scrolls of amnesia {unknown}
 h - 4 scrolls of blinking {unknown}
 i - a scroll of magic mapping {unknown}
 k - a scroll of noise {unknown}
 l - a scroll of random uselessness {unknown}
 n - 3 scrolls of fog {unknown}
 o - a scroll of enchant weapon {unknown}
 r - a scroll of identify {unknown}
 u - a scroll of immolation {unknown}
 y - a scroll of enchant armour {unknown}
Potions
 c - a potion of might
 j - a potion of agility {unknown}
 p - a potion of haste {unknown}
 q - a potion of lignification {unknown}
 s - a potion of cancellation {unknown}
 z - 3 potions of mutation {unknown}
Comestibles
 d - 6 rations


   Skills:
 + Level 5.3 Fighting
 * Level 8.9 Long Blades
 - Level 2.6 Dodging
 - Level 3.0 Shields


You had 7 spell levels left.
You didn't know any spells.

Dungeon Overview and Level Annotations

Branches:
Dungeon (4/15)             Temple (0/1) D:4

Altars:
Ru
Wu Jian

Annotations:
D:4 Ijyb


Innate Abilities, Weirdness & Mutations

You can breathe blasts of scalding, opaque steam.
Your pale cyan-grey scales are hard. (AC +6)
You cannot fit into any form of body armour.
You are cold-blooded and may be slowed by cold attacks.


Message History

Ijyb zaps a wand.
The bolt of acid hits you! The acid corrodes you!
You are splashed with acid!
The acid burns!
Ijyb zaps a wand.
The bolt of acid hits you! The acid corrodes you!
You are splashed with acid!
The acid burns!
* * * LOW HITPOINT WARNING * * *
You are too injured to fight recklessly!
You hit Ijyb but do no damage.
Your tail-slap misses Ijyb.
Ijyb is heavily wounded.
Ijyb zaps a wand.
The bolt of acid misses you.
Unknown command.
You hit Ijyb but do no damage.
Ijyb is heavily wounded.
Ijyb screams, "It's all mine!"
Ijyb hits you with a dagger of venom.
* * * LOW HITPOINT WARNING * * *
You are poisoned.
You miss Ijyb. You tail-slap Ijyb.
Ijyb is severely wounded.
You feel sick.
Ijyb zaps a wand.
The bolt of acid hits you!
You die...

#......##.###.##...###..##
#.##...#.#...#.#...###...#
#.#..##.##...##.##..###.##
#....#.#.......#.#...##)#
#..##.##....#..##.##..#)#
#..#.#...#.......#[#....#
##.###..#####.<..###.##.#
#.....#####.........##.##
#######.....ยง@...##....>#
#.....g########Z###
####...# #.# ##..# ##.#
#..# #..# ##..# #..# #...#
#..# ##...## ##..#
#.....#####...#


You could see Ijyb.

Vanquished Creatures
  Sigmund (D:2)
  Menkaure (D:4)
  Duvessa (D:4)
  2 ogres
  A scorpion (D:3)
  Dowan (D:4)
  A howler monkey (D:4)
  A bullfrog skeleton (D:4)
  2 hounds (D:4)
  An orc priest (D:4)
  An orc wizard (D:3)
  2 worker ants
  A hound skeleton (D:4)
  6 adders
  2 oozes
  5 worms
  A dart slug (D:2)
  14 orcs
  A ball python (D:1)
  8 bats
  4 giant cockroaches
  5 hobgoblins
  6 jackals (D:3)
  A quokka (D:2)
  4 frilled lizards
  A goblin (D:1)
  7 kobolds
  A leopard gecko skeleton (D:4)
  11 rats
93 creatures vanquished.

Notes
Turn   | Place    | Note
-------+----------+-------------------------------------------
     0 | D:1      | Moloch the Draconian Fighter began the quest for the Orb.
     0 | D:1      | Reached XP level 1. HP: 19/19 MP: 1/1
    73 | D:1      | Reached XP level 2. HP: 26/26 MP: 2/2
   473 | D:2      | Reached skill level 3 in Long Blades
   489 | D:2      | Reached XP level 3. HP: 33/33 MP: 3/3
  1347 | D:2      | Noticed Sigmund
  1352 | D:2      | Killed Sigmund
  1352 | D:2      | Reached skill level 5 in Long Blades
  1352 | D:2      | Reached XP level 4. HP: 26/41 MP: 4/4
  1352 | D:2      | Reached XP level 5. HP: 30/47 MP: 5/5
  1892 | D:3      | Reached XP level 6. HP: 52/53 MP: 6/6
  2198 | D:3      | Reached skill level 6 in Long Blades
  2493 | D:3      | Found an ornate altar of the Wu Jian Council.
  2886 | D:4      | Noticed Menkaure
  2950 | D:4      | Noticed Duvessa
  2950 | D:4      | Noticed Dowan
  3032 | D:3      | HP: 2/53 [ogre/giant spiked club (19)]
  3415 | D:4      | Your scales start taking on a pale cyan-grey colour.
  3415 | D:4      | Reached XP level 7. HP: 55/60 MP: 7/7
  3419 | D:4      | Reached skill level 7 in Long Blades
  3591 | D:4      | Found a staircase to the Ecumenical Temple.
  3632 | D:4      | Reached skill level 5 in Fighting
  3768 | D:4      | Killed Dowan
  3773 | D:4      | Killed Duvessa
  3773 | D:4      | Reached skill level 8 in Long Blades
  4025 | D:4      | Found a sacrificial altar of Ru.
  4117 | D:4      | Killed Menkaure
  4117 | D:4      | Reached XP level 8. HP: 66/68 MP: 8/8
  4157 | D:4      | Noticed Ijyb
  4418 | D:4      | Killed from afar by Ijyb

Skill      XL: |  1  2  3  4  5  6  7 |
---------------+----------------------+-----
Long Blades    | 3 5 6 8 |  8.9
Fighting       | 4 5 |  5.3
Dodging        | |  2.6
Shields        | |  3.0

Action                   |  1- 3 |  4- 6 |  7- 9 || total
-------------------------+-------+-------+-------++-------
Melee: Long sword        |   109 |   125 |    66 ||   300
       Tailslap          |    12 |    21 |    15 ||    48
Throw: Tomahawk          |       |     5 |       ||     5
 Abil: Breathe Steam     |       |       |     6 ||     6
Evoke: Wand              |     4 |     5 |       ||     9
 Stab: Sleeping          |     2 |       |       ||     2
  Eat: Ration            |       |     1 |       ||     1
       Chunk             |       |     4 |     3 ||     7
Armor: Skin              |    18 |    41 |     9 ||    68
Dodge: Dodged            |    42 |    52 |    22 ||   116
Block: Shield            |    56 |    71 |    28 ||   155
       Rpst.: Long sword |     9 |    21 |     5 ||    35
